 Dungeon Crawl Stone Soup version 0.27-a0-46-g34d46f0a3f (webtiles) character file.

Game seed: 14541962648047646583

10 Sonofthefire the Sneak (level 2, -2/21 HPs)
             Began as an Octopode Delver on Jan 7, 2021.
             Slain by a scorpion (7 damage)
             ... on level 6 of the Dungeon.
             The game lasted 00:01:39 (504 turns).

Sonofthefire the Sneak (Octopode Delver)             Turns: 504, Time: 00:01:39

Health: -2/21      AC:  1    Str: 11    XL:     2   Next: 20%
Magic:  2/2        EV: 13    Int: 12    God:
Gold:   0          SH:  0    Dex: 13    Spells: 1/1 levels left

rFire    . . .     SeeInvis .   a - +0 short sword
rCold    . . .     Faith    .   (no shield)
rNeg     . . .     Spirit   .   (helmet restricted)
rPois    .         Reflect  .   (no amulet)
rElec    .         Harm     .   (no ring)
rCorr    .         Rampage  .   (no ring)
Will     .....                  (no ring)
Stlth    ++++......             (no ring)
HPRegen  0.07/turn              (no ring)
MPRegen  0.08/turn              (no ring)
                                (no ring)
                                (no ring)

@: lethally poisoned (-2 -> -14)
A: almost no armour, stealthy swim, amphibious, 8 rings, constrict 8, camouflage
1, gelatinous body 1
a: no special abilities


You were on level 6 of the Dungeon.
You visited 1 branch of the dungeon, and saw 3 of its levels.

Inventory:

Hand Weapons
 a - a +0 short sword (weapon)
Wands
 f - a wand of digging (3)
Scrolls
 b - a scroll of fog
 c - a scroll of magic mapping
 d - a scroll of fear
Potions
 e - a potion of haste
 g - a potion of curing {unknown}


   Skills:
 - Level 3.0 Fighting
 * Level 2.1 Short Blades
 * Level 2.1 Dodging
 + Level 7.0 Stealth


You had one spell level left.
You didn't know any spells.
Your spell library was empty.

Dungeon Overview and Level Annotations

Branches:
Dungeon (7/15)
 Temple: D:4-7

Altars:


Innate Abilities, Weirdness & Mutations

You cannot wear most types of armour.
You are very stealthy in the water. (Stealth+)
You are amphibious.
You can wear up to eight rings at the same time.
You can use your tentacles to constrict eight enemies at once.
Your skin changes colour to match your surroundings (Stealth+).
Your rubbery body absorbs attacks. (AC +1, EV +1)


Message History

There is a stone staircase leading down here.
A scorpion comes into view.
The helpless scorpion fails to defend itself.
You puncture the scorpion! You grab the scorpion.
You squeeze the scorpion, but do no damage.
The scorpion is severely wounded.
You constrict the scorpion, but do no damage.
The scorpion stings you!
You hit the scorpion but do no damage.
The scorpion is severely wounded.
You constrict the scorpion. The scorpion stings you!
* * * LOW HITPOINT WARNING * * *
You are lethally poisoned!
The scorpion poisons you!
You hit the scorpion but do no damage.
The scorpion is severely wounded.
You constrict the scorpion.
* * * LOW HITPOINT WARNING * * *
You feel sick. The scorpion stings you!
You die...

#.# #.# #.# #.#
#.# ### ###.# ....
#####...#####.....
#......#..........
#.##..=#.#@...≈≈≈≈
#.#.......s.≈≈≈≈..
#>.........≈≈≈....
##..≈≈≈....#≈.....
#..≈≈≈≈≈..######.
#........#..
#.##...###.#
#.##..... + #..
.....


You could see a scorpion.

Vanquished Creatures
  A howler monkey zombie (D:5)
1 creature vanquished.

Notes
Turn   | Place    | Note
-------+----------+-------------------------------------------
     0 | D:5      | Sonofthefire the Octopode Delver began the quest for the
                  | Orb.
     0 | D:5      | Reached XP level 1. HP: 16/16 MP: 1/1
    12 | D:5      | Reached skill level 7 in Stealth
    12 | D:5      | Reached XP level 2. HP: 3/21 MP: 2/2
   466 | D:6      | Noticed a wight
   466 | D:6      | Noticed a wight
   494 | D:6      | Noticed a scorpion
   504 | D:6      | Slain by a scorpion

Illustrated notes

Levels and vault maps discovered:
D:5:      layout_cave_pools, tso_metal_star, minmay_temple_entry_nine_rooms,
          uniq_blork_the_orc
D:6:      layout_basic, nzn_hepliaklqana_mist_gate, serial_rivers,
          chequers_serial_rivers_room_b, chequers_serial_rivers_marsh,
          chequers_serial_rivers_micro_c, chequers_serial_rivers_micro_e,
          chequers_serial_rivers_micro_b, chequers_serial_rivers_small_a,
          uniq_grinder
D:7:      cheibrodos_fertilizer, layout_loops_corners,
          ebering_ghost_reflecting_pool

Skill      XL: |  1 |
---------------+----+-----
Stealth        | 7 |  7.0
Fighting       | |  3.0
Short Blades   | |  2.1
Dodging        | |  2.1

Action                   || total
-------------------------++-------
Melee: Short sword       ||     7
       Constrict         ||     2
       Tentacles         ||     2
 Stab: Sleeping          ||     1

Table legend: (Time is in decaauts)
 A = Elapsed time spent in this place.
 B = Non-inter-level travel time spent in this place.
 C = Inter-level travel time spent in this place.
 D = Time resting spent in this place.
 E = Time spent auto-exploring this place.
 F = Levels seen in this place.
 G = Mean time per level.
                   A        B        C        D        E       F      G
               +--------+--------+--------+--------+--------+-----+--------+
         Total |    504 |    504 |      0 |    444 |      3 |   3 |  168.0 |
       Dungeon |    504 |    504 |      0 |    444 |      3 |   3 |  168.0 |
               +--------+--------+--------+--------+--------+-----+--------+

Top non-repeatable levels by time:
     D:6: 354 daAuts
     D:5: 140 daAuts
     D:7: 9 daAuts
